 Dungeon Crawl Stone Soup version 0.25-a0-35-g747a2b3c0c (webtiles) character file.

Game seed: 7735371914509506465, levelgen mode: deterministic

12 Alarkh the Skirmisher (level 2, 19/24 HPs)
             Began as a Demonspawn Fighter on Oct 18, 2019.
             Got out of the dungeon alive.
             The game lasted 00:00:28 (322 turns).

Alarkh the Skirmisher (Demonspawn Fighter)           Turns: 322, Time: 00:00:29

Health: 19/24      AC:  7    Str: 16    XL:     2   Next: 20%
Magic:  2/2        EV:  6    Int:  9    God:
Gold:   9          SH:  8    Dex: 12    Spells: 1/1 levels left

rFire    . . .     SeeInvis .   a - +0 long sword
rCold    . . .     Gourm    .   c - +0 shield
rNeg     . . .     Faith    .   b - +0 scale mail
rPois    .         Spirit   .   (no helmet)
rElec    .         Reflect  .   (no cloak)
rCorr    .         Harm     .   (no gloves)
MR       .....                  (no boots)
Stlth    ..........             (no amulet)
HPRegen  0.08/turn              (no ring)
MPRegen  0.08/turn              (no ring)

@: no status effects
A: rugged brown scales 1
a: no special abilities


You escaped.
You were not hungry.

You visited 1 branch of the dungeon, and saw 1 of its levels.

You collected 9 gold pieces.

Inventory:

Hand Weapons
 a - a +0 long sword (weapon)
Armour
 b - a +0 scale mail (worn)
 c - a +0 shield (worn)
Scrolls
 e - a scroll of identify {unknown}
Potions
 d - a potion of might
 h - a potion of degeneration {unknown}
Comestibles
 f - a ration
 g - 3 chunks of flesh


   Skills:
 - Level 3.0 Fighting
 + Level 2.6 Long Blades
 - Level 2.6 Armour
 - Level 2.6 Shields


You had one spell level left.
You didn't know any spells.
Your spell library was empty.

Dungeon Overview and Level Annotations

Branches:
Dungeon (1/15)

Altars:


Innate Abilities, Weirdness & Mutations

You are partially covered in rugged brown scales. (AC +1, +3% HP)


Message History

Found a stone staircase leading down.
No target in view!
An ooze comes into view.
The ooze quivers.
An ooze is nearby!
You slash the ooze!
The ooze is severely wounded.
You block the ooze's attack.
An ooze is nearby!
You hit the ooze.
You kill the ooze!
You have reached level 2!
Your demonic ancestry asserts itself...
Rugged brown scales grow over part of your body.
Some of the chunks of flesh in your inventory have rotted away.
There is an open gate here.
There is an open door here.
There is a staircase leading out of the dungeon here.
Are you sure you want to leave the Dungeon?
This will make you lose the game!
You have escaped!

♣..............♣##### ##.#
♣...♣♣#'''#♣......♣.♣######.#
♣.♣♣###...###♣♣.............#
♣♣♣ #.......# ♣♣♣.........###
####....8..####♣♣♣.......#
###..#.......#..###♣.....♣♣#
#....'.8...8.#....#♣♣♣...♣
#....#...⌠...#....# ♣....♣
#.⌠..#.8...8.'..@.# ♣♣⌠♣♣♣
#....#...8...#....# ♣♣♣
###################


There were no monsters in sight!

Vanquished Creatures
  An ooze (D:1)
  2 leopard geckos (D:1)
  A hobgoblin (D:1)
  A bat (D:1)
  A frilled lizard (D:1)
  A rat (D:1)
7 creatures vanquished.

Notes
Turn   | Place    | Note
-------+----------+-------------------------------------------
     0 | D:1      | Alarkh the Demonspawn Fighter began the quest for the Orb.
     0 | D:1      | Reached XP level 1. HP: 18/18 MP: 1/1
   267 | D:1      | Gained mutation: You are partially covered in rugged brown
                  | scales. (AC +1, +3% HP) [demonic ancestry]
   267 | D:1      | Reached XP level 2. HP: 14/24 MP: 2/2
   322 | D:$      | Got out of the dungeon alive.

Levels and vault maps discovered:
D:1:      sevenhm_arrival_forest_fort_large_2, layout_rooms,
          serial_corexii_hall, corexii_hall_statues_x, corexii_hall_statues_x,
          minmay_misc_feat_more_columns

Skill      XL: |  1 |
---------------+----+-----
Long Blades    | 2 |  2.6
Fighting       | |  3.0
Armour         | |  2.6
Shields        | |  2.6

Action                   || total
-------------------------++-------
Melee: Long sword        ||    37
Armor: Scale mail        ||    15
Dodge: Dodged            ||     9
Block: Shield            ||    20
       Rpst.: Long sword ||     1

Table legend:
 A = Non-vault XP
 B = Vault XP
 C = Vault XP percentage of total XP
 D = Non-vault monster count
 E = Vault monster count
 F = Vault count percentage of total count
                 A         B        C        D         E       F
            +---------+---------+-------+---------+---------+-------
      Total |      18 |       0 |   0.0 |       7 |       0 |   0.0
            +---------+---------+-------+---------+---------+-------
        D:1 |      18 |       0 |   0.0 |       7 |       0 |   0.0
            +---------+---------+-------+---------+---------+-------
